[Event "Almaty Open 2017"]
[Site "Almaty"]
[Date "2017.10.09"]
[Round "7"]
[White "Akhmetov, Ayan"]
[Black "Ankudinova, Yelena"]
[Result "1-0"]
[ECO "B06"]
[WhiteElo "2397"]
[BlackElo "2130"]
[Annotator "NA"]
[PlyCount "87"]
[EventDate "2017.??.??"]
[EventType "swiss"]
[EventCountry "KAZ"]
[SourceTitle "playchess.com"]
[Source "ChessBase"]
[SourceQuality "1"]
[TimeControl "5400+30"]

1. e4 g6 2. d4 Bg7 3. f4 d6 4. Nf3 Nf6 5. Bd3 {[%emt 0:00:05] LiveBook: 38 Games} Bg4 {[%emt 0:07:15] B07: Pirc Defence: Miscellaneous Systems} (5... O-O 6. O-O Nc6 7. Qe1 d5 8. e5 Ne4 9. c4 f5 10. cxd5 Qxd5 11. Nc3 Nxc3 12. bxc3 e6 13. Bd2 b6 14. h4 Qd8 {1-0 (48) Kaczmarek,A (2301)-Drazic,S (2422) Krakow 2015}) 6. O-O c6 7. Be3 Nbd7 8. Nbd2 Qc7 $146 9. h3 Bxf3 10. Nxf3 (10. Qxf3 $16 O-O 11. c3 b5 12. f5 a5 13. h4 {1-0 (24) Ramdat Tewarie,J (1897)-Veer,W (1914) Paramaribo 2012}) 10... e6 11. c4 O-O 12. e5 Ne8 13. c5 dxc5 $1 14. dxc5 f6 $2 (14... Qd8 $14) 15. Bc4 Rd8 16. Bxe6+ Kh8 17. Qb3 fxe5 18. Ng5 exf4 {[%emt 0:01:34] [#]} 19. Bxf4 $1 Bd4+ (19... Qa5 $142) 20. Be3 Bxe3+ 21. Qxe3 Ndf6 22. Rae1 Qg7 23. Bb3 ({White should try} 23. Qb3 $18) 23... Nc7 24. Qe7 (24. Qf4 $18) 24... Rd7 25. Qe5 h6 $1 26. Nf3 Nfd5 27. Qg3 Rdf7 28. Rf2 g5 29. Rfe2 Qf6 {[%emt 0:01:06] [#]} (29... Nf4 $11 {remains equal.}) 30. Bxd5 $1 Nxd5 31. Re6 Qg7 {[%emt 0:00:11] [#]} 32. Ne5 $1 Rf6 33. Ng4 $2 (33. Rd6 $18) 33... Rxe6 34. Rxe6 Qxb2 35. Kh2 Qd4 36. Rxh6+ Kg7 37. Rd6 Qf4 38. Ne5 Nf6 39. Qxf4 gxf4 40. Nd3 Rf7 $16 (40... Nd5 $11) 41. Nxf4 Ne4 42. Ne6+ Kf6 43. Rd4 Ke5 44. Rxe4+ 1-0